 Dungeon Crawl Stone Soup version 0.29-a0-393-g47a863cc1b (webtiles) character file.

Game seed: 3654273613817683989

14 jlumianski the Skirmisher (level 2, 0/24 HPs)
             Began as a Demonspawn Fighter on May 10, 2022.
             Slain by a kobold
             ... wielding a +0 mace
              (6 damage)
             ... on level 2 of the Dungeon.
             The game lasted 00:01:46 (579 turns).

jlumianski the Skirmisher (Demonspawn Fighter)       Turns: 579, Time: 00:01:47

Health: 0/24       AC:  6    Str: 16    XL:     2   Next: 27%
Magic:  2/2        EV:  8    Int:  9    God:
Gold:   9          SH:  4    Dex: 12    Spells: 1/1 levels left

rFire   . . .      SeeInvis .   a - +0 war axe
rCold   . . .      Faith    .   c - +0 buckler
rNeg    . . .      Spirit   .   b - +0 scale mail
rPois   .          Reflect  .   (no helmet)
rElec   .          Harm     .   (no cloak)
rCorr   .          Rampage  .   (no gloves)
Will    .....                   (no boots)
Stlth   ..........              (no amulet)
HPRegen 0.08/turn               (no ring)
MPRegen 0.08/turn               (no ring)

@: no status effects
A: foul stench 1
a: no special abilities


You were on level 2 of the Dungeon.
You visited 1 branch of the dungeon, and saw 2 of its levels.

You collected 9 gold pieces.

Inventory:

Hand Weapons
 a - a +0 war axe (weapon)
Missiles
 g - 2 stones (quivered)
Armour
 b - a +0 scale mail (worn)
 c - a +0 buckler (worn)
Scrolls
 f - a scroll of poison {unknown}
 h - a scroll of noise {unknown}
 i - 2 scrolls of magic mapping
Potions
 d - a potion of might
 e - 2 potions of magic {unknown}


   Skills:
 + Level 3.1 Fighting
 + Level 2.0 Axes
 + Level 2.9 Armour
 + Level 2.8 Shields


You had one spell level left.
You didn't know any spells.
Your spell library was empty.

Dungeon Overview and Level Annotations

Branches:
Dungeon (2/15)

Altars:


Innate Abilities, Weirdness & Mutations

You may rarely emit foul miasma when damaged in melee.


Message History

You kill the giant cockroach!
A ball python comes into view.
The ball python hisses angrily.
The kobold hits you but does no damage.
The ball python moves out of view.
You barely miss the kobold. The kobold hits you but does no damage.
You barely miss the kobold.
The kobold hits you with a +0 short sword.
You slash the kobold!
You kill the kobold!
The frilled lizard barely misses you.
Your Axes skill increases to level 2!
You slash the frilled lizard!
You kill the frilled lizard!
The ball python barely misses you. The ball python grabs you.
The ball python constricts you.
You barely miss the ball python. The ball python bites you.
The ball python constricts you.
You hit the ball python.
The ball python is heavily wounded.
The ball python bites you.
You emit a cloud of foul miasma!
The ball python constricts you.
The ball python is engulfed in dark miasma.
The ball python is poisoned.
You kill the ball python!
Things that are here:
a +0 short sword; a ball python corpse; a frilled lizard corpse A bat comes into view.
The bat moves out of view.
A kobold comes into view. It is wielding a +0 mace.
The kobold shouts!
The kobold hits you with a +0 mace.
You barely miss the kobold. The kobold barely misses you.
You barely miss the kobold. The kobold hits you with a +0 mace.
The kobold barely misses you.
You barely miss the kobold. You block the kobold's attack.
You closely miss the kobold. The kobold closely misses you.
The kobold hits you with a +0 mace.
* * * LOW HITPOINT WARNING * * *
You barely miss the kobold. The kobold hits you with a +0 mace.
You die...

****** ****,,,,*** *,,.,**,,,,
**...**,**,, *###...#*,*,**,
#######......#,,,,,**
#...@K).#**,*,*,*,*,* #.#######
*,**,,,,,*, #.# *,,**,*,**,
#.########**,,**,**,,
****#######.......).,,,,,,**,,*
*>,,...>....######.#*,,,,,,,,,,
*,**#######.#***#..,*,,********
*,*########.##.....,,,,,,,,,,,,
*,##...........#*,,,*,*********


You could see a kobold.

Vanquished Creatures
  2 ball pythons
  A giant cockroach (D:2)
  A goblin (D:1)
  A hobgoblin (D:1)
  3 kobolds
  A quokka (D:1)
  A bat (D:2)
  2 frilled lizards (D:2)
  A rat (D:2)
13 creatures vanquished.

Notes
Turn   | Place    | Note
-------+----------+-------------------------------------------
     0 | D:1      | jlumianski the Demonspawn Fighter began the quest for the
                  | Orb.
     0 | D:1      | Reached XP level 1. HP: 18/18 MP: 1/1
   351 | D:2      | Gained mutation: You may rarely emit foul miasma when
                  | damaged in melee. [demonic ancestry]
   351 | D:2      | Reached XP level 2. HP: 22/24 MP: 2/2
   579 | D:2      | Slain by a kobold

Illustrated notes

Levels and vault maps discovered:
D:1:      lordsloth_arrival_two_stooges, layout_basic
D:2:      layout_loops_ring, serial_shops, shop, minmay_heptomino_w4

Skill      XL: |  1  2 |
---------------+-------+-----
Axes           | 2 |  2.0
Fighting       | |  3.1
Armour         | |  2.9
Shields        | |  2.8

Action                   || total
-------------------------++-------
Melee: War axe           ||    39
  Use: Scroll            ||     1
Armor: Scale mail        ||    21
Dodge: Dodged            ||    19
Block: Buckler           ||    10

Table legend: (Time is in decaauts)
 A = Elapsed time spent in this place.
 B = Non-inter-level travel time spent in this place.
 C = Inter-level travel time spent in this place.
 D = Time resting spent in this place.
 E = Time spent auto-exploring this place.
 F = Levels seen in this place.
 G = Mean time per level.
                   A        B        C        D        E       F      G
               +--------+--------+--------+--------+--------+-----+--------+
         Total |    600 |    600 |      0 |    154 |    247 |   2 |  300.0 |
       Dungeon |    600 |    600 |      0 |    154 |    247 |   2 |  300.0 |
               +--------+--------+--------+--------+--------+-----+--------+

Top non-repeatable levels by time:
     D:2: 300 daAuts
     D:1: 299 daAuts
